 Dungeon Crawl Stone Soup version 0.30.1-11-g7821555f0a (webtiles) character file.

Game seed: 15050086983861901340

435785 user102938 the Axe Maniac (level 24, -9/157 HPs)
             Began as a Hill Orc Fighter on Oct 27, 2023.
             Was an Initiate of Gozag.
             Mangled by a quicksilver ooze (13 damage)
             ... created by the Royal Jelly
             ... on level 5 of the Pits of Slime.
             The game lasted 02:31:41 (58655 turns).

user102938 the Axe Maniac (Hill Orc Fighter)       Turns: 58655, Time: 02:31:42

Health: -9/157     AC: 45    Str: 25 (26) XL:     24   Next: 1%
Magic:  50/50      EV: 13    Int:  6 (7)  God:    Gozag
Gold:   16003      SH: 22    Dex: 17      Spells: 23/23 levels left

rFire   . . .        N - +9 broad axe (venom)
rCold   + . .        n - +5 kite shield {reflect}
rNeg    + . .        t - +15 crystal plate armour of Privacy {rPois}
rPois   +            k - +2 helmet {SInv}
rElec   +            Z - +0 cloak of Roarphem {rElec Will+ Int+3}
rCorr   +            c - +1 pair of gloves of Plog {rPois Will+ MP+9 Dex+2}
SInv    +            o - +2 pair of boots {Stlth+}
Will    ++++.        v - amulet of Joguedui {rN+ Regen+ Str+4} Stlth
                     I - ring of Jucvovep {rElec rCorr MP+9 Str-4 Dex+3}
HPRegen 1.26/turn    H - ring of the Octopus King {HP+2 MP+9 AC+2 EV+2 SH+2}
MPRegen 0.32/turn

%: random rage (3%), reflection
@: mighty, brilliant, resistant, corroded, unable to drink
A: berserk 1, deterioration 2, dopey 2, frail 3, strong-willed 1, screaming 1,
weak 1, heat vulnerability 1, inability to drink after injury 1, inability to
read after injury 1
}: 2/15 runes: decaying, silver
a: Renounce Religion, Potion Petition, Call Merchant, Bribe Branch


You were on level 5 of the Pits of Slime.
You worshipped Gozag.
Gozag was extremely pleased with you.
You visited 8 branches of the dungeon, and saw 41 of its levels.
You also visited: Trove, Gauntlet and Ice Cave.

You collected 22617 gold pieces.
You spent 5993 gold pieces at shops.
You paid 621 gold pieces to Gozag.

Inventory:

Hand Weapons
 N - a +9 broad axe of venom (weapon)
 P - a +4 broad axe of draining
Missiles
 y - 46 poisoned darts
 R - 6 curare-tipped darts
Armour
 c - the +1 pair of gloves of Plog (worn) {rPois Will+ MP+9 Dex+2}
   (You acquired it on level 5 of the Vaults)

   Dex:       It affects your dexterity (+2).
   rPois:     It protects you from poison.
   MP:        It affects your magic capacity (+9).
   Will:      It increases your willpower.
 k - a +2 helmet of see invisible (worn)
 n - a +5 kite shield of reflection (worn)
 o - a +2 pair of boots of stealth (worn)
 t - the +15 crystal plate armour of Privacy (worn) {rPois}
   (You acquired it on level 7 of the Dungeon)

   rPois:     It protects you from poison.
 Z - the +0 cloak of Roarphem (worn) {rElec Will+ Int+3}
   (You found it in a Gauntlet)

   Int:       It affects your intelligence (+3).
   rElec:     It insulates you from electricity.
   Will:      It increases your willpower.
Jewellery
 b - the ring "Saemn" {rC+ Dex+6}
   (You took it off a deep elf pyromancer on level 3 of the Elven Halls)

   [ring of dexterity]

   Dex:       It affects your dexterity (+6).
   rC:        It protects you from cold.
 r - the amulet of Goicas {Spirit rC+ Will+ Dex+3}
   (You acquired it on level 1 of the Vaults)

   [amulet of guardian spirit]

   It causes incoming damage to be divided between your reserves of health and
   magic.
   Dex:       It affects your dexterity (+3).
   rC:        It protects you from cold.
   Will:      It increases your willpower.
 v - the amulet of Joguedui (around neck) {rN+ Regen+ Str+4}
   (You bought it in a shop on level 2 of the Orcish Mines)

   [amulet of regeneration]

   Str:       It affects your strength (+4).
   rN:        It protects you from negative energy.
   Regen:     It increases your rate of health regeneration.
 B - the ring of Pugruo {Will+++ MP+9 EV+5 Str-4 Dex-2}
   (You bought it in a shop on level 1 of the Dungeon)

   [ring of evasion]

   EV:        It affects your evasion (+5).
   Str:       It affects your strength (-4).
   Dex:       It affects your dexterity (-2).
   MP:        It affects your magic capacity (+9).
   Will:      It greatly increases your willpower.
 G - the ring "Pahonigeij" {rElec rF+ SInv}
   (You took it off an ironbound convoker on level 5 of the Vaults)

   [ring of protection from fire]

   rF:        It protects you from fire.
   rElec:     It insulates you from electricity.
   SInv:      It lets you see invisible.
 H - a ring of the Octopus King (right hand) {HP+2 MP+9 AC+2 EV+2 SH+2}
   (You found it on level 1 of the Swamp)

   [ring of magical power]

   AC:        It affects your AC (+2).
   EV:        It affects your evasion (+2).
   HP:        It affects your health (+2).
   MP:        It affects your magic capacity (+9).
   SH:        It affects your SH (+2).
 I - the ring of Jucvovep (left hand) {rElec rCorr MP+9 Str-4 Dex+3}
   (You took it off a deep elf archer on level 3 of the Elven Halls)

   [ring of magical power]

   Str:       It affects your strength (-4).
   Dex:       It affects your dexterity (+3).
   rElec:     It insulates you from electricity.
   MP:        It affects your magic capacity (+9).
   rCorr:     It protects you from acid and corrosion.
 L - the ring of Jabloof {Fly rC+ Int+4 Dex-2}
   (You acquired it on level 1 of the Elven Halls)

   [ring of flight]

   Int:       It affects your intelligence (+4).
   Dex:       It affects your dexterity (-2).
   rC:        It protects you from cold.
   Fly:       It grants you flight.
 T - the ring of the Gloaming {rF+ rN+ Dex+3 Stlth+}
   (You found it in a treasure trove)

   [ring of protection from fire]

   Dex:       It affects your dexterity (+3).
   rF:        It protects you from fire.
   rN:        It protects you from negative energy.
   Stlth:     It makes you more stealthy.
 W - the ring of Roafutug {Fire rElec}
   (You took it off a deep elf pyromancer on level 3 of the Elven Halls)

   [ring of fire]

   It enhances your fire magic.
   rF:        It protects you from fire.
   rC:        It makes you vulnerable to cold.
   rElec:     It insulates you from electricity.
Wands
 x - a wand of charming (63)
 C - a wand of mindburst (40)
 F - a wand of flame (146) (quivered)
 M - a wand of iceblast (40)
 O - a wand of acid (43)
 S - a wand of digging (13)
 X - a wand of polymorph (23)
Scrolls
 a - 9 scrolls of immolation
 f - 24 scrolls of teleportation
 l - 11 scrolls of poison
 m - 9 scrolls of vulnerability
 s - 2 scrolls of silence
 u - 4 scrolls of fear
 D - 3 scrolls of fog
 E - 10 scrolls of magic mapping
 J - 5 scrolls of enchant armour
 K - 2 scrolls of blinking
 Q - 3 scrolls of summoning
 U - a scroll of torment
Potions
 d - 15 potions of might
 e - 34 potions of curing
 g - 8 potions of lignification
 h - 4 potions of cancellation
 i - 14 potions of attraction
 j - a potion of resistance
 p - 9 potions of heal wounds
 q - 4 potions of ambrosia
 w - 6 potions of magic
 z - 6 potions of flight
 A - 13 potions of mutation
 V - a potion of invisibility
 Y - 7 potions of haste


   Skills:
 + Level 19.4 Fighting
 O Level 27 Axes
 + Level 13.0 Throwing
 * Level 21.3 Armour
 + Level 12.0 Dodging
 + Level 18.5 Shields
 + Level 14.1 Evocations


You had 23 spell levels left.
You didn't know any spells.
Your spell library contained the following spells:

 Spells                   Type           Power      Damage    Failure   Level
 Apportation              Tloc           0%         N/A       100%        1
 Foxfire                  Conj/Fire      0%         2x1d4     100%        1
 Necrotise                Necr           0%         1d4       100%        1
 Sandblast                Erth           0%         2d4       100%        1
 Shock                    Conj/Air       0%         1d3       100%        1
 Summon Small Mammal      Summ           0%         N/A       100%        1
 Blink                    Tloc           0%         N/A       100%        2
 Cigotuvi's Dreadful Rot  Necr/Pois/Air  0%         N/A       100%        2
 Passwall                 Tmut/Erth      0%         N/A       100%        2
 Poisonous Vapours        Pois/Air       0%         N/A       100%        2
 Searing Ray              Conj           0%         2d4       100%        2
 Static Discharge         Conj/Air       0%         2-2/arc   100%        2
 Sublimation of Blood     Necr           0%         N/A       100%        2
 Dazzling Flash           Conj/Hex       0%         N/A       100%        3
 Frozen Ramparts          Ice            0%         1d1       100%        3
 Gell's Gravitas          Tloc           0%         N/A       100%        3
 Ignite Poison            Fire/Tmut/Pois 0%         N/A       100%        3
 Inner Flame              Hex/Fire       0%         N/A       100%        3
 Mephitic Cloud           Conj/Pois/Air  0%         N/A       100%        3
 Stone Arrow              Conj/Erth      0%         3d7       100%        3
 Swiftness                Air            0%         N/A       100%        3
 Teleport Other           Tloc           0%         N/A       100%        3
 Tukima's Dance           Hex            0%         N/A       100%        3
 Volatile Blastmotes      Fire/Tloc      0%         2d10      100%        3
 Airstrike                Air            0%         2d(0-16)  100%        4
 Anguish                  Hex/Necr       0%         N/A       100%        4
 Cause Fear               Hex            0%         N/A       100%        4
 Flame Wave               Conj/Fire      0%         2d4       100%        4
 Fulminant Prism          Conj/Hex       0%         3d5       100%        4
 Ice Form                 Ice/Tmut       0%         N/A       100%        4
 Iskenderun's Mystic Bla  Conj/Tloc      0%         2d3       100%        4
 Manifold Assault         Tloc           0%         N/A       100%        4
 Passage of Golubria      Tloc           0%         N/A       100%        4
 Petrify                  Tmut/Erth      0%         N/A       100%        4
 Summon Ice Beast         Ice/Summ       0%         N/A       100%        4
 Agony                    Necr           0%         N/A       100%        5
 Alistair's Intoxication  Tmut/Pois      0%         N/A       100%        5
 Arcjolt                  Conj/Air       0%         1d10      100%        5
 Borgnjor's Vile Clutch   Necr/Erth      0%         N/A       100%        5
 Fireball                 Conj/Fire      0%         3d3       100%        5
 Freezing Cloud           Conj/Ice/Air   0%         6-21      100%        5
 Lee's Rapid Deconstruct  Erth           0%         3d4*      100%        5
 Metabolic Englaciation   Hex/Ice        0%         N/A       100%        5
 Silence                  Hex/Air        0%         N/A       100%        5
 Summon Forest            Summ/Tloc      0%         N/A       100%        5
 Summon Mana Viper        Hex/Summ       0%         N/A       100%        5
 Yara's Violent Unravell  Hex/Tmut       0%         3d3       100%        5
 Conjure Ball Lightning   Conj/Air       0%         3x3d6     100%        6
 Dispersal                Tloc           0%         N/A       100%        6
 Eringya's Noxious Bog    Tmut/Pois      0%         N/A       100%        6
 Plasma Beam              Fire/Air       0%         2x1d11    100%        6
 Starburst                Conj/Fire      0%         6d3       100%        6
 Statue Form              Tmut/Erth      0%         N/A       100%        6
 Summon Cactus Giant      Summ           0%         N/A       100%        6
 Dragon Form              Tmut           0%         N/A       100%        7
 Enfeeble                 Hex            0%         N/A       100%        7
 Storm Form               Tmut/Air       0%         N/A       100%        7
 Summon Hydra             Summ           0%         N/A       100%        7
 Borgnjor's Revivificati  Necr           0%         N/A       100%        8
 Discord                  Hex            0%         N/A       100%        8
 Disjunction              Tloc           0%         N/A       100%        8
 Lehudib's Crystal Spear  Conj/Erth      0%         10d2      100%        8
 Necromutation            Tmut/Necr      0%         N/A       100%        8
 Death's Door             Necr           0%         N/A       100%        9
 Dragon's Call            Summ           0%         N/A       100%        9


Dungeon Overview and Level Annotations

Branches:
Dungeon (15/15)            Temple (0/1) D:6            Lair (5/5) D:8
  Swamp (4/4) Lair:3        Snake (0/4) Lair:3        Slime (5/5) Lair:5
    Orc (2/2) D:12            Elf (3/3) Orc:2        Vaults (5/5) D:13
  Crypt (0/3) Vaults:3     Depths (2/4) D:15          IceCv (visited)
Gauntlet (visited)

Altars:
Ashenzari
Dithmenos
Fedhas
Gozag
Makhleb
Nemelex Xobeh
Okawaru
Qazlal
Ru
Trog
Uskayaw
Xom
Yredelemnul
The Shining One
Beogh
Jiyva
Lugonu

Shops:
D:1 *=*(   D:10 (   D:12 [(   D:14 :   Orc:2 *!*?*   Elf:1 [   Vaults:1 ?
Vaults:2 *   Vaults:3 *   Vaults:5 ???

Portals:
Hell: Depths:1
Abyss: Slime:4 Depths:1 Depths:2

Annotations:
Slime:5 Royal Jelly


Innate Abilities, Weirdness & Mutations

You sometimes lose your temper in combat.
Your body often deteriorates upon taking damage.
You are very dopey. (Int -4)
You are extremely frail. (-30% HP)
You are strong-willed. (Will+)
You occasionally shout uncontrollably at your foes.
You are weak. (Str -2)
You are vulnerable to heat. (rF-)
You occasionally lose the ability to drink potions when taking damage.
You occasionally lose the ability to read scrolls when taking damage.


Message History

The rockslime looks as sick as possible!
You hit the rockslime. You hit the rockslime but do no damage.
The rockslime is poisoned.
You slash the azure jelly! You hit the acid blob. The acid corrodes you!
Your hands burn!
* * * LOW HITPOINT WARNING * * *
You hit the rockslime but do no damage. You hit the quicksilver ooze.
The quicksilver ooze hits you.
* * * LOW HITPOINT WARNING * * *
You block the quicksilver ooze's attack.
The rockslime hits you!
* * * LOW HITPOINT WARNING * * *
You hold your ground!
You block the rockslime's attack. The acid blob spits acid at you.
The splash of acid hits you but does no damage.
The rockslime misses you. The rockslime hits you!
* * * LOW HITPOINT WARNING * * *
You hold your ground! [a] - 540 gold - might, brilliance and resistance [b] - 240 gold - might and brilliance [c] - 425 gold - lignification, might and resistance Purchase which effect?
You feel very mighty all of a sudden.
You feel clever all of a sudden.
You feel protected. The quicksilver ooze hits you.
You block the quicksilver ooze's attack.
The azure jelly hits you but does no damage.
You block the azure jelly's attack. x2
The azure jelly hits you but does no damage.
The rockslime misses you. The acid blob spits acid at you.
The splash of acid hits you. You resist.
* * * LOW HITPOINT WARNING * * *
The rockslime hits you but does no damage.
The acid blob spits acid at you. The splash of acid hits you! You resist.
* * * LOW HITPOINT WARNING * * *
The acid corrodes you! The rockslime misses you.
The rockslime barely misses you. The quicksilver ooze hits you!
You die...
Your body crumbles into a pile of gold.

$ #............. $
#............. $ $
###............
##.............. $ # $
##............... #.
#................ #.#
####J.$.............
..###..##.JJJJ.............#
..........J@JJ.............#
........$.JJJ..............#
............................
...........................#
.........................#.#
........................#.##
.........................##
......................#.#


You could see the Royal Jelly (extremely poisoned), 2 acid blobs, 2 azure
jellies, 4 rockslimes and 2 quicksilver oozes.

Vanquished Creatures
  A dread lich (Vaults:5)
  2 ancient liches (Vaults:5)
  The ghost of dolemite99 the Warrior, a veteran DrFE of Okawaru (Vaults:3)
  Sojobo (Vaults:3)
  4 tentacled monstrosities
  Jorgrun (D:14)
  Zenata (Elf:1)
  Rupert (D:14)
  3 liches
  A deep elf master archer (Elf:3)
  14 acid blobs
  6 titans (Vaults:5)
  3 deep elf blademasters
  7 sphinxes
  6 thorn hunters
  4 shadow dragons (Vaults:5)
  Roxanne (D:14)
  5 rockslimes
  2 storm dragons (Vaults:5)
  10 tengu reavers
  4 azure jellies
  Donald (Swamp:2)
  A fenstrider witch (Swamp:3)
  5 fire giants
  15 vault wardens
  2 frost giants
  8 deep elf sorcerers
  3 iron dragons (Vaults:5)
  The ghost of Flure the Black Belt, a journeyman MeTm of Kikubaaqudgha (Lair:5)
  3 ghouls (Swamp:1)
  6 quicksilver oozes
  11 stone giants
  5 deep elf elementalists (Elf:3)
  21 ironbound preservers
  2 orc warlords
  3 war gargoyles
  A juggernaut zombie (Depths:1)
  2 vampire knights
  A broodmother (shapeshifter) (Elf:3)
  5 ironbound thunderhulks
  17 very ugly things
  10 deep elf demonologists
  Nessos (Lair:5)
  9 dire elephants
  3 spark wasps (Depths:1)
  4 eleionomae
  5 deep elf annihilators
  A minotaur (Gauntlet)
  8 bunyips
  A crystal guardian (Vaults:4)
  4 fire dragons
  7 ettins
  6 deep elf high priests (Elf:3)
  An entropy weaver (Vaults:3)
  9 yaktaur captains
  3 shambling mangroves (Swamp:3)
  27 vault guards
  The ghost of zfabert001 the Geomancer, a journeyman DgEE (D:11)
  18 hydras
  7 ironbound frosthearts
  A rakshasa (Depths:1)
  2 ogre magi
  3 peacekeepers
  2 catoblepae
  9 great orbs of eyes
  A boulder beetle (shapeshifter) (Vaults:3)
  4 ghost crabs
  6 alligators
  30 dancing weapons
  22 centaur warriors
  An anaconda (shapeshifter) (D:14)
  12 two-headed ogres
  3 boulder beetles
  8 death yaks (Lair:5)
  A two-headed ogre (shapeshifter) (Vaults:5)
  3 deep troll earth magi
  A vampire mage (Depths:1)
  2 deep troll shamans (Depths:1)
  7 orc high priests
  A thrashing horror (Gauntlet)
  5 tengu warriors
  Urug (D:12)
  Nergalle (D:10)
  25 deep elf knights
  A hell knight (Vaults:5)
  The ghost of Peloso the Carver, a novice MiFi of Okawaru (D:8)
  2 skeletal warriors
  A skyshark (Lair:4)
  A shadow wraith (Vaults:5)
  3 spriggan druids
  2 iron trolls (Depths:1)
  9 swamp dragons
  3 glowing orange brains
  7 goliath frogs
  45 deep trolls
  A flayed ghost (Vaults:5)
  25 ironbound convokers
  8 bog bodies
  4 phantasmal warriors (Vaults:5)
  A tengu zombie (Vaults:4)
  10 wizards
  17 lindwurms
  14 deep elf archers
  6 harpies
  A lindwurm (shapeshifter) (Vaults:3)
  31 deep elf pyromancers
  3 wolf spiders
  4 orc knights (Orc:2)
  4 necromancers
  8 shining eyes
  2 oklob plants (Swamp:3)
  An orc sorcerer (Orc:2)
  42 ugly things
  28 deep elf zephyrmancers
  5 will-o-the-wisps
  A worldbinder (Gauntlet)
  A salamander (D:15)
  3 cyclopes
  6 manticores
  11 elephants
  A guardian serpent (Lair:5)
  A human skeleton (Vaults:4)
  4 molten gargoyles (Elf:2)
  23 vault sentinels
  2 ice statues (IceCv)
  3 eyes of devastation (Slime:5)
  A water nymph (shapeshifter) (Vaults:5)
  8 black mambas
  A torpor snail (Lair:4)
  14 cane toads
  5 spectral spriggans (Swamp:1)
  Maggie (D:9)
  An unseen horror (D:13)
  2 gargoyles
  3 efreet (D:13)
  7 rime drakes
  5 freezing wraiths
  5 kobold demonologists
  7 komodo dragons
  31 yaktaurs
  5 polar bears
  3 meliai (D:12)
  15 hornets
  5 tyrant leeches
  A troll (shapeshifter) (Vaults:1)
  5 trolls
  A tyrant leech (shapeshifter) (Vaults:3)
  A hornet (shapeshifter) (D:15)
  A raiju (shapeshifter) (D:15)
  11 blink frogs
  10 dream sheep (Lair:4)
  A spriggan zombie (Depths:1)
  6 spriggans
  A vampire (D:11)
  4 water elementals
  A yak (shapeshifter) (D:15)
  71 slime creatures
  An air elemental (Elf:2)
  37 yaks
  4 wraiths
  3 fire elementals
  15 wyverns
  A hog (shapeshifter) (D:13)
  28 vampire mosquitoes
  A golden eye (shapeshifter) (D:14)
  5 golden eyes
  4 redbacks (Lair:5)
  4 basilisks
  2 death yak simulacra (IceCv)
  A glowing shapeshifter zombie (Vaults:4)
  Menkaure (D:7)
  A steam dragon (D:8)
  3 wargs
  8 small abominations (Gauntlet)
  A swamp worm (shapeshifter) (D:8)
  18 swamp worms
  28 water moccasins
  5 hell hounds (Depths:2)
  5 acid dragons
  A glowing shapeshifter skeleton (Depths:1)
  2 black bears
  6 swamp drakes
  5 ogres
  38 orc warriors
  5 boggarts
  14 centaurs
  A phantom (D:5)
  5 kobold brigands
  6 earth elementals
  A wyvern zombie (D:8)
  10 bullfrogs
  2 cane toad simulacra (IceCv)
  A scorpion (D:6)
  18 wights
  21 killer bees
  5 electric eels
  3 centaur zombies (D:8)
  4 hounds
  6 jellies
  36 orc priests
  A hound (shapeshifter) (Vaults:5)
  A gnoll bouda (D:9)
  5 iguanas
  Terence (D:3)
  Ijyb (D:3)
  11 orc wizards
  7 hell rats (Lair:1)
  4 killer bee zombies (D:8)
  A wolf simulacrum (IceCv)
  4 howler monkey zombies (D:8)
  15 gnolls
  4 adders
  16 white imps
  2 ufetubi
  2 worms (D:2)
  A dart slug (D:1)
  58 orcs
  4 bats
  5 endoplasms
  3 giant cockroaches
  6 goblins
  7 hobgoblins
  3 jackals (D:1)
  3 quokkas
  4 ball pythons
  3 frilled lizards
  19 kobolds
  4 rats
  A butterfly (Lair:4)
  3 spectral weapons (Depths:1)
1611 creatures vanquished.

Vanquished Creatures (collateral kills)
  2 deep elf pyromancers (Elf:3)
2 creatures vanquished.

Vanquished Creatures (others)
  Asterion (Depths:1)
  A shadow dragon (Vaults:5)
  A deep elf death mage (Elf:3)
  A dancing weapon (Elf:2)
  3 deep elf knights
  A flayed ghost (D:13)
  2 deep elf pyromancers (Elf:1)
  A deep elf zephyrmancer (Elf:3)
  3 bloated husks (Swamp:1)
  5 dream sheep (D:4)
  51 foxfires
  A lurking horror (Slime:4)
71 creatures vanquished.

Grand Total: 1684 creatures vanquished

Notes
Turn   | Place    | Note
-------+----------+-------------------------------------------
     0 | D:1      | user102938 the Hill Orc Fighter began the quest for the
                  | Orb.
     0 | D:1      | Reached XP level 1. HP: 19/19 MP: 1/1
    17 | D:1      | Reached skill level 3 in Axes
    98 | D:1      | Found Nealeiwk's Antique Weapon Shoppe.
   255 | D:1      | Found Ygunt's General Store.
   355 | D:1      | Found Iwomor's Jewellery Boutique.
   372 | D:1      | Reached XP level 2. HP: 26/26 MP: 2/2
   372 | D:1      | Found Rismeizi's General Store.
   710 | D:2      | You fall into a shaft and drop 2 floors!
   737 | D:4      | Reached skill level 4 in Axes
   799 | D:4      | Identified the +7 dagger of Abomination {flame, rN+ rCorr}
   809 | D:4      | Reached XP level 3. HP: 24/31 MP: 3/3
   999 | D:4      | Reached skill level 5 in Axes
  1004 | D:4      | Reached skill level 6 in Axes
  1004 | D:4      | Reached XP level 4. HP: 18/39 MP: 4/4
  1623 | D:4      | Reached XP level 5. HP: 45/45 MP: 5/5
  1640 | D:4      | Noticed a dream sheep
  1640 | D:4      | Noticed a dream sheep
  1640 | D:4      | Noticed a dream sheep
  1640 | D:4      | Noticed a dream sheep
  1640 | D:4      | Noticed a dream sheep
  1640 | D:4      | Found a shimmering altar of Xom.
  1644 | D:4      | Killed a dream sheep
  1645 | D:4      | Killed a dream sheep
  1645 | D:4      | Killed a dream sheep
  1645 | D:4      | Killed a dream sheep
  1646 | D:4      | Killed a dream sheep
  1968 | D:5      | Entered Level 5 of the Dungeon
  1977 | D:5      | Reached skill level 7 in Axes
  2008 | D:5      | Noticed a water moccasin
  2023 | D:5      | HP: 2/45 [water moccasin (2)]
  2036 | D:5      | Killed a water moccasin
  2036 | D:5      | HP: 2/45 [poisoned by a water moccasin]
  2037 | D:5      | Reached skill level 8 in Axes
  2037 | D:5      | Reached XP level 6. HP: 3/51 MP: 6/6
  2329 | D:5      | Reached skill level 9 in Axes
  2430 | D:5      | Found an opulent altar of Gozag.
  2430 | D:5      | Found a bloodstained altar of Trog.
  2475 | D:5      | Became a worshipper of Gozag Ym Sagoz the Greedy
  2608 | D:3      | Noticed Terence
  2615 | D:3      | Killed Terence
  2616 | D:3      | Reached XP level 7. HP: 50/57 MP: 7/7
  3034 | D:3      | Reached skill level 10 in Axes
  3312 | D:3      | Found a shadowy altar of Dithmenos.
  3421 | D:3      | Noticed Ijyb
  3430 | D:3      | Killed Ijyb
  3507 | D:3      | Found a glowing golden altar of the Shining One.
  3507 | D:3      | Found an iron altar of Okawaru.
  3507 | D:3      | Found a sacrificial altar of Ru.
  4860 | D:5      | Reached skill level 11 in Axes
  5464 | D:6      | Reached skill level 5 in Fighting
  5470 | D:6      | Reached XP level 8. HP: 57/68 MP: 8/8
  6615 | D:6      | Found a staircase to the Ecumenical Temple.
  6743 | D:1      | Bought a scroll of identify for 24 gold pieces
  6743 | D:1      | Bought a scroll of fog for 48 gold pieces
  6784 | D:1      | Bought a potion of curing for 30 gold pieces
  6784 | D:1      | Bought a scroll of magic mapping for 75 gold pieces
  7500 | D:7      | Noticed a wyvern
  7506 | D:7      | Killed a wyvern
  7507 | D:7      | Reached XP level 9. HP: 85/85 MP: 9/9
  7507 | D:7      | Identified the +2 leather armour of Relativism {Str+2
                  | Int+4}
  7515 | D:7      | Reached skill level 10 in Fighting
  7637 | D:7      | Identified a scroll of acquirement
  7638 | D:7      | Acquired the +15 crystal plate armour of Privacy {rPois}
  7660 | D:7      | Noticed Menkaure
  7672 | D:7      | Killed Menkaure
  8095 | D:7      | Noticed a troll
  8241 | D:7      | Found a broken altar of Ashenzari.
  8296 | D:7      | Got Sif Muna's Guide on the Sepulchral Brume
  8590 | D:8      | Reached skill level 12 in Axes
  8598 | D:8      | Noticed a kobold demonologist
  8614 | D:8      | Noticed an ice devil
  8614 | D:8      | Killed a kobold demonologist
  8636 | D:8      | Reached skill level 13 in Axes
  8751 | D:8      | Noticed a two-headed ogre
  8779 | D:8      | Killed a two-headed ogre
  8780 | D:8      | Reached skill level 14 in Axes
  8780 | D:8      | Reached XP level 10. HP: 24/95 MP: 10/10
  8943 | D:8      | Noticed a tengu warrior
  8944 | D:8      | Paralysed by a hornet for 1 turns
  8950 | D:8      | Reached skill level 15 in Axes
  9397 | D:8      | Noticed a two-headed ogre
  9402 | D:8      | Noticed a two-headed ogre
  9408 | D:8      | Killed a tengu warrior
  9415 | D:8      | Killed a two-headed ogre
  9416 | D:8      | Reached skill level 16 in Axes
  9427 | D:8      | Killed a two-headed ogre
  9428 | D:8      | Reached skill level 17 in Axes
  9530 | D:8      | Noticed a kobold demonologist
  9575 | D:8      | Noticed an eye of devastation
  9605 | D:8      | an eye of devastation changed into a redback
  9608 | D:8      | a redback changed into a salamander
  9608 | D:8      | Noticed a salamander (shapeshifter)
  9610 | D:8      | Killed a kobold demonologist
  9618 | D:8      | Found a staircase to the Lair.
  9625 | D:8      | HP: 4/95 [komodo dragon (3)]
  9627 | D:8      | Reached XP level 11. HP: 5/102 MP: 11/11
  9674 | Lair:1   | Entered Level 1 of the Lair of Beasts
  9924 | D:8      | Noticed Peloso's ghost (novice MiFi)
  9927 | D:8      | Found a transporter.
  9936 | D:8      | Found a transporter.
  9989 | D:8      | Reached skill level 18 in Axes
 10125 | D:8      | Reached skill level 1 in Evocations
 10321 | D:8      | Reached skill level 1 in Throwing
 10331 | D:8      | Reached skill level 1 in Dodging
 10751 | D:8      | Found a stormy altar of Qazlal.
 10893 | D:8      | Noticed a two-headed ogre
 10905 | D:8      | Killed a two-headed ogre
 11013 | D:8      | Found a hide-covered altar of Uskayaw.
 11735 | D:9      | Reached skill level 5 in Armour
 12067 | D:10     | Entered Level 10 of the Dungeon
 12097 | D:10     | Found a blossoming altar of Fedhas.
 12102 | D:10     | Found Qic Juaf's Weapon Shoppe.
 12159 | D:10     | Found a basalt altar of Yredelemnul.
 12197 | D:10     | Noticed a two-headed ogre
 12213 | D:10     | Killed a two-headed ogre
 12364 | D:10     | Identified the +5 mace of the Apocalypse {heavy, rPois
                  | rCorr Stlth+}
 12378 | D:10     | Found a corrupted altar of Lugonu.
 12403 | D:10     | Noticed Maggie
 12515 | D:10     | Noticed a sixfirhy
 12522 | D:9      | Killed Maggie
 12523 | D:9      | Reached XP level 12. HP: 96/110 MP: 12/12
 12658 | D:10     | Noticed Nergalle
 12668 | D:10     | Killed Nergalle
 12901 | D:10     | Reached skill level 5 in Shields
 12958 | D:10     | Found a portal to a secret trove of treasure.
 13280 | D:11     | Noticed a two-headed ogre
 13346 | D:10     | Killed a two-headed ogre
 13860 | D:11     | Noticed zfabert001's ghost (journeyman DgEE)
 13861 | D:11     | Noticed a deep troll earth mage
 13915 | D:11     | Found a transporter.
 14019 | D:11     | Found a transporter.
 14053 | D:11     | Reached skill level 19 in Axes
 14256 | D:11     | Noticed a boulder beetle
 14307 | D:11     | Killed a boulder beetle
 14457 | D:11     | Acquired 842 gold pieces
 14938 | D:12     | Noticed Urug
 14956 | D:12     | Killed Urug
 15072 | D:12     | Found Ujiaco Fisa's Weapon Emporium.
 15074 | D:12     | Found a staircase to the Orcish Mines.
 15075 | D:12     | Found Myasti's Armour Emporium.
 15406 | D:12     | Found a sacrificial altar of Ru.
 15823 | D:13     | Found a gate leading to a gauntlet.
 15830 | Gauntlet | Entered a Gauntlet
 15830 | Gauntlet | Found a transporter.
 15839 | Gauntlet | Found a transporter.
 15854 | Gauntlet | Found a transporter.
 15862 | Gauntlet | Found a transporter.
 15864 | Gauntlet | Noticed a catoblepas
 15877 | Gauntlet | Found a transporter.
 15895 | Gauntlet | Noticed a thrashing horror
 15897 | Gauntlet | Found a transporter.
 15912 | Gauntlet | Found a transporter.
 15916 | Gauntlet | Noticed a reaper
 15936 | Gauntlet | Noticed a blizzard demon
 15937 | Gauntlet | Found a transporter.
 15943 | Gauntlet | Found a transporter.
 15945 | Gauntlet | Found a transporter.
 15947 | Gauntlet | Found a transporter.
 15976 | Gauntlet | Found a transporter.
 16011 | Gauntlet | Found a transporter.
 16017 | Gauntlet | Found a transporter.
 16019 | Gauntlet | Found a transporter.
 16044 | Gauntlet | Found a transporter.
 16055 | Gauntlet | Found a transporter.
 16108 | Gauntlet | Found a transporter.
 16395 | Gauntlet | Killed a thrashing horror
 16523 | Gauntlet | Identified the +0 cloak of Roarphem {rElec Will+ Int+3}
 16537 | Gauntlet | Identified the staff of fire "Wigiob" {rF+ Str+2 Stlth+}
 16577 | Gauntlet | Identified the +8 morningstar of Myuc {speed, rF+}
 16577 | Gauntlet | Noticed a minotaur
 16588 | Gauntlet | Killed a minotaur
 16589 | Gauntlet | Reached XP level 13. HP: 45/118 MP: 13/13
 17214 | D:13     | Noticed a vault guard
 17233 | D:13     | Killed a vault guard
 17252 | D:13     | Reached skill level 5 in Evocations
 17285 | D:13     | Reached skill level 20 in Axes
 18024 | D:13     | Found a gate to the Vaults.
 18331 | D:12     | Bought +1 ice dragon scales for 1072 gold pieces
 18643 | D:10     | You paid a toll of +3 ice dragon scales to enter a treasure
                  | trove
 18644 | Trove    | Entered a treasure trove
 18668 | Trove    | Identified the ring of the Gloaming {rF+ rN+ Dex+3 Stlth+}
 18864 | D:14     | Noticed Rupert
 18879 | D:14     | Killed Rupert
 19271 | D:14     | Noticed Jorgrun
 19304 | D:14     | Killed Jorgrun
 19711 | D:14     | Reached skill level 5 in Throwing
 19834 | D:14     | Identified the +0 dagger of Dismay {holy, Will+}
 20021 | D:14     | Reached XP level 14. HP: 127/127 MP: 14/14
 20139 | D:14     | Identified Roxanne's Directory of the Geologist
 20139 | D:14     | Noticed Roxanne
 20158 | D:14     | Killed Roxanne
 20295 | D:14     | Found Zycunnid's Book Emporium.
 20508 | D:15     | Entered Level 15 of the Dungeon
 20516 | D:15     | Found a burning altar of Makhleb.
 20593 | D:15     | Reached skill level 10 in Armour
 20624 | D:15     | Reached skill level 5 in Dodging
 21466 | D:15     | Found a staircase to the Depths.
 21466 | D:15     | Noticed a dire elephant
 21858 | D:15     | Killed a dire elephant
 21859 | D:15     | Reached skill level 21 in Axes
 22030 | D:8      | Killed Peloso's ghost
 22930 | Lair:2   | Reached skill level 10 in Shields
 24022 | Lair:3   | Found a staircase to the Swamp.
 24030 | Lair:3   | Reached XP level 15. HP: 136/136 MP: 15/15
 24254 | Lair:3   | Found a staircase to the Snake Pit.
 25675 | Lair:5   | Entered Level 5 of the Lair of Beasts
 25698 | Lair:5   | Found a staircase to the Slime Pits.
 25703 | Lair:5   | Found a viscous altar of Jiyva.
 26301 | Lair:5   | Reached skill level 22 in Axes
 26509 | Lair:5   | Found a runed translucent gate.
 26509 | Lair:5   | Found a runed translucent gate.
 26509 | Lair:5   | Found a runed translucent gate.
 26520 | Lair:5   | Noticed Flure's ghost (journeyman MeTm)
 26550 | Lair:5   | Noticed Nessos
 26570 | Lair:5   | Killed Nessos
 27273 | Lair:5   | Killed Flure's ghost
 27274 | Lair:5   | Reached XP level 16. HP: 126/146 MP: 16/16
 27586 | Orc:1    | Entered Level 1 of the Orcish Mines
 27831 | Orc:2    | Entered Level 2 of the Orcish Mines
 27884 | Orc:2    | Found a frozen archway.
 27930 | IceCv    | Entered an ice cave
 28056 | IceCv    | Found a transporter.
 28068 | IceCv    | Found a transporter.
 28440 | Orc:2    | Found Goni Oro's General Store.
 28452 | Orc:2    | Bought the amulet of Joguedui {rN+ Regen+ Str+4} for 744
                  | gold pieces
 28765 | Orc:2    | Found a staircase to the Elven Halls.
 29304 | Orc:2    | Found Seplocag's Assorted Antiques.
 29304 | Orc:2    | Found Vikhlonle's Magic Scroll Boutique.
 29305 | Orc:2    | Found Deerph's General Store.
 29305 | Orc:2    | Found Kiutium's Distillery.
 29312 | Orc:2    | Bought a viscous dark potion for 27 gold pieces
 29313 | Orc:2    | Bought a potion of curing for 48 gold pieces
 29313 | Orc:2    | Bought a scroll of teleportation for 48 gold pieces
 29315 | Orc:2    | Bought a potion of curing for 36 gold pieces
 29315 | Orc:2    | Bought a potion of might for 48 gold pieces
 29315 | Orc:2    | Bought a potion of heal wounds for 60 gold pieces
 29315 | Orc:2    | Bought a potion of might for 48 gold pieces
 29315 | Orc:2    | Bought a potion of curing for 36 gold pieces
 29315 | Orc:2    | Bought a potion of resistance for 120 gold pieces
 29315 | Orc:2    | Bought a potion of curing for 36 gold pieces
 29316 | Orc:2    | Bought a scroll of brand weapon for 123 gold pieces
 29679 | D:1      | Bought the ring of Pugruo {Will+++ MP+9 EV+5 Str-4 Dex-2}
                  | for 1082 gold pieces
 29940 | D:11     | Killed zfabert001's ghost
 30382 | Orc:1    | Found a roughly hewn altar of Beogh.
 30539 | Elf:1    | Entered Level 1 of the Elven Halls
 30888 | Elf:1    | Noticed Zenata
 30931 | Elf:1    | Killed Zenata
 31457 | Elf:1    | Found Tuneam's Antique Armour Shop.
 31488 | Elf:1    | Reached skill level 23 in Axes
 31653 | Elf:1    | Reached XP level 17. HP: 148/154 MP: 17/17
 31838 | Elf:1    | Got Sif Muna's Compendium of Bombardment
 32052 | Elf:1    | Reached skill level 15 in Fighting
 32052 | Elf:1    | Noticed a deep elf blademaster
 32084 | Elf:1    | Killed a deep elf blademaster
 32479 | Elf:2    | Noticed a Brimstone Fiend
 33007 | Elf:2    | Paralysed by an air elemental for 1 turns
 33334 | Elf:2    | Found a runed translucent gate.
 33334 | Elf:2    | Found a runed translucent gate.
 33335 | Elf:2    | Found a runed translucent gate.
 33395 | Elf:2    | Noticed a deep elf blademaster
 33418 | Elf:2    | Killed a deep elf blademaster
 34217 | Elf:3    | Entered Level 3 of the Elven Halls
 34748 | Elf:3    | Reached XP level 18. HP: 140/163 MP: 18/18
 34894 | Elf:3    | Reached skill level 15 in Armour
 34901 | Elf:3    | Reached skill level 24 in Axes
 35142 | Elf:3    | Noticed a deep elf master archer
 35146 | Elf:3    | Noticed a deep elf blademaster
 35153 | Elf:3    | Noticed a Brimstone Fiend
 35159 | Elf:3    | Killed a deep elf blademaster
 35518 | Elf:3    | Noticed a Tzitzimitl
 36185 | Elf:3    | Identified the ring "Saemn" {rC+ Dex+6}
 36185 | Elf:3    | Identified the +7 falchion "Ariodwis" {heavy, Dex+2}
 36185 | Elf:3    | Identified the ring of Roafutug {Fire rElec}
 36186 | Elf:3    | Identified the +7 broad axe of Cyhuschi {freeze, Str+3}
 36188 | Elf:3    | Identified the +4 robe of Perfidy {Rampage Drain Fly
                  | Slay+3}
 36188 | Elf:3    | Identified the ring of Jucvovep {rElec rCorr MP+9 Str-4
                  | Dex+3}
 36200 | Elf:3    | Identified the +6 dire flail of the Rattlesnake {elec, rC+}
 36299 | Elf:3    | Killed a deep elf master archer
 36300 | Elf:3    | Reached skill level 10 in Evocations
 36397 | Elf:3    | Got the Folio of the Spellbinding Wind
 36411 | Elf:3    | Identified the staff of air "Vicuv" {rElec rN++ Str-5
                  | Dex+5}
 36626 | Elf:3    | Noticed a Hell Sentinel
 36633 | Elf:3    | Noticed a Brimstone Fiend
 37026 | Elf:3    | Acquired the ring of Jabloof {Fly rC+ Int+4 Dex-2}
 37676 | Swamp:1  | Entered Level 1 of the Swamp
 37693 | Swamp:1  | Reached skill level 15 in Shields
 37748 | Swamp:1  | Found the ring of the Octopus King
 37754 | Swamp:1  | Identified a ring of the Octopus King {HP+2 MP+9 AC+2 EV+2
                  | SH+2}
 37819 | Swamp:1  | Found a sparkling altar of Nemelex Xobeh.
 38950 | Swamp:2  | Noticed Donald
 38963 | Swamp:2  | Killed Donald
 39082 | Swamp:2  | Reached XP level 19. HP: 171/172 MP: 19/19
 39112 | Swamp:2  | Identified the +3 quarterstaff of Callousness {flame, Str+3
                  | Stlth+}
 39409 | Swamp:2  | Identified the +2 robe "Nihuklidd" {Regen+ Str+2 Int+3
                  | Slay-2}
 40460 | Swamp:3  | Reached skill level 25 in Axes
 41040 | Swamp:4  | Entered Level 4 of the Swamp
 42122 | Swamp:4  | Identified the +2 scale mail of Inquiry {rF++ rCorr}
 42127 | Swamp:4  | Got a decaying rune of Zot
 43120 | D:12     | Bought a +2 pair of boots of stealth for 344 gold pieces
 43256 | Depths:1 | Entered Level 1 of the Depths
 43405 | Depths:1 | Reached skill level 10 in Throwing
 43799 | Depths:1 | Noticed Asterion
 43818 | Depths:1 | Killed Asterion
 44142 | Depths:1 | Found a one-way gate to the infinite horrors of the Abyss.
 44511 | Depths:1 | Reached XP level 20. HP: 182/182 MP: 20/20
 44647 | Depths:1 | Paralysed by a vampire knight for 5 turns
 44793 | Depths:1 | Paralysed by a sphinx for 2 turns
 44938 | Depths:1 | Found a gateway to Hell.
 45469 | Vaults:1 | Entered Level 1 of the Vaults
 45563 | Vaults:1 | Found Asih Ypa's Magic Scroll Shop.
 45575 | Vaults:1 | Bought 3 scrolls of teleportation for 153 gold pieces
 45575 | Vaults:1 | Bought a scroll of teleportation for 51 gold pieces
 45938 | Vaults:1 | Reached skill level 26 in Axes
 47730 | Vaults:2 | Identified the +1 dagger of the Endless Expanse {flame,
                  | Int+4 Dex-2}
 47783 | Vaults:2 | Reached XP level 21. HP: 190/191 MP: 21/21
 47856 | Vaults:2 | Reached skill level 10 in Dodging
 48317 | Vaults:2 | Found Qaimyr's Assorted Antiques.
 48777 | Vaults:3 | Found a staircase to the Crypt.
 48997 | Vaults:3 | Found a large runed translucent door.
 48997 | Vaults:3 | Found a large runed translucent door.
 48997 | Vaults:3 | Found a large runed translucent door.
 48997 | Vaults:3 | Found a large runed translucent door.
 48997 | Vaults:3 | Found a large runed translucent door.
 48997 | Vaults:3 | Found a large runed translucent door.
 48997 | Vaults:3 | Found a large runed translucent door.
 48997 | Vaults:3 | Found a large runed translucent door.
 48997 | Vaults:3 | Noticed dolemite99's ghost (veteran DrFE)
 49030 | Vaults:3 | Paralysed by a sphinx for 3 turns
 49047 | Vaults:3 | Noticed Sojobo
 49056 | Vaults:3 | Paralysed by an air elemental for 1 turns
 49058 | Vaults:3 | Killed Sojobo
 49249 | Vaults:3 | Found Ibuseud's General Store.
 49795 | Vaults:3 | You fall into a shaft and drop 1 floor!
 49967 | Vaults:4 | Reached skill level 27 in Axes
 50104 | Vaults:4 | Identified the +8 falchion "Giantslayer" {heavy, rN+ Int-4
                  | Stlth+}
 50500 | Vaults:4 | Reached XP level 22. HP: 202/202 MP: 22/22
 51727 | Vaults:3 | Killed dolemite99's ghost
 52160 | Vaults:5 | Entered Level 5 of the Vaults
 52545 | Vaults:5 | Identified the amulet of Toxon {RegenMP Fragile rF+ rN+}
 52682 | Vaults:5 | Noticed a dread lich
 52698 | Vaults:5 | Killed a dread lich
 53013 | Vaults:5 | Acquired the amulet of Goicas {Spirit rC+ Will+ Dex+3}
 53014 | Vaults:5 | Acquired a +2 heavy broad axe
 53015 | Vaults:5 | Acquired the +1 pair of gloves of Plog {rPois Will+ MP+9
                  | Dex+2}
 53126 | Vaults:5 | Reached XP level 23. HP: 183/211 MP: 23/23
 53226 | Vaults:5 | Identified the +7 long sword "Mehuak" {vamp, Will+++ Int-5
                  | Dex-3 SInv}
 53254 | Vaults:5 | Found the +8 demon trident "Rift" {distort, reach+}
 53257 | Vaults:5 | Got the Octavo of the Tropical Nimbus
 53281 | Vaults:5 | Identified the staff of poison "Wotebatt" {rPois rCorr}
 53501 | Vaults:5 | Got a silver rune of Zot
 53522 | Vaults:5 | Found Jiukuh's Magic Scroll Shop.
 53527 | Vaults:5 | Bought a scroll of acquirement for 1092 gold pieces
 53527 | Vaults:5 | Acquired a +3 broad axe of pain
 53539 | Vaults:5 | Found Otuagas's Magic Scroll Emporium.
 53543 | Vaults:5 | Bought a scroll of teleportation for 54 gold pieces
 53543 | Vaults:5 | Bought a scroll of magic mapping for 135 gold pieces
 53543 | Vaults:5 | Bought a scroll of teleportation for 54 gold pieces
 53543 | Vaults:5 | Bought a scroll of enchant armour for 135 gold pieces
 53543 | Vaults:5 | Bought a scroll of teleportation for 54 gold pieces
 53550 | Vaults:5 | Found Zuaheritzoo's Magic Scroll Shoppe.
 53555 | Vaults:5 | Bought a scroll of teleportation for 36 gold pieces
 53555 | Vaults:5 | Bought a scroll of magic mapping for 90 gold pieces
 53555 | Vaults:5 | Bought a scroll of enchant armour for 90 gold pieces
 53620 | Vaults:5 | Noticed an ancient lich
 53638 | Vaults:5 | Killed an ancient lich
 53687 | Vaults:5 | Identified the +4 leather armour of Resilience {+Inv}
 54430 | Vaults:5 | Identified the ring "Pahonigeij" {rElec rF+ SInv}
 54440 | Vaults:5 | Noticed an ancient lich
 54462 | Vaults:5 | Killed an ancient lich
 55028 | Slime:1  | Entered Level 1 of the Pits of Slime
 55070 | Slime:1  | Gained mutation: Your magical capacity is low. (-10% MP) [a
                  | shining eye]
 55075 | Slime:1  | Gained mutation: You are vulnerable to heat. (rF-) [a
                  | shining eye]
 55088 | Slime:1  | Gained mutation: You are frail. (-10% HP) [a shining eye]
 55091 | Slime:1  | Gained mutation: You occasionally lose the ability to drink
                  | potions when taking damage. [a shining eye]
 55912 | Slime:3  | Gained mutation: You occasionally shout uncontrollably at
                  | your foes. [a shining eye]
 55918 | Slime:3  | Gained mutation: You are dopey. (Int -2) [a shining eye]
 55923 | Slime:3  | Gained mutation: You are weak. (Str -2) [a shining eye]
 56423 | Slime:3  | Gained mutation: You are very frail. (-20% HP) [a shining
                  | eye]
 57875 | Slime:4  | Found a corrupted altar of Lugonu.
 58405 | Slime:5  | Entered Level 5 of the Pits of Slime
 58429 | Slime:5  | Gained mutation: You are very dopey. (Int -4) [a shining
                  | eye]
 58432 | Slime:5  | Gained mutation: You are strong-willed. (Will+) [a shining
                  | eye]
 58434 | Slime:5  | Gained mutation: You are extremely frail. (-30% HP) [a
                  | shining eye]
 58436 | Slime:5  | Gained mutation: Your body sometimes deteriorates upon
                  | taking damage. [a shining eye]
 58438 | Slime:5  | Gained mutation: You occasionally lose the ability to read
                  | scrolls when taking damage. [a shining eye]
 58443 | Slime:5  | Gained mutation: You sometimes lose your temper in combat.
                  | [a shining eye]
 58579 | Slime:5  | Lost mutation: Your magical capacity is low. (-10% MP) [a
                  | shining eye]
 58581 | Slime:5  | Gained mutation: Your body often deteriorates upon taking
                  | damage. [a shining eye]
 58637 | Slime:5  | Reached XP level 24. HP: 155/155 MP: 23/23
 58641 | Slime:5  | Noticed the Royal Jelly
 58655 | Slime:5  | HP: 4/157 [acid blob/splash of acid[the Royal Jelly] (8)]
 58655 | Slime:5  | Mangled by a quicksilver ooze

Illustrated notes

Levels and vault maps discovered:
D:1:      dpeg_arrival_radiant, layout_basic, serial_shops, shop,
          nicolae_shop_statue_plus, nicolae_shop_tiny_waterfront, shop
D:2:      layout_basic, chequers_serial_rivers_room_b
D:3:      layout_loops_ring, nicolae_dithmenos_through_a_glass_darkly,
          gammafunk_temple_overflow_claw, serial_co_window_serial,
          co_window_paths_a, co_window_paths_a, co_window_paths_a,
          co_window_paths_a, co_window_of_opportunity_a,
          co_window_of_opportunity_b, co_window_unsneaky_path_e,
          co_window_2corner, co_window_broadway_b, co_window_cross_4,
          co_window_unsneaky_path_e, uniq_ijyb, uniq_terence
D:4:      layout_loops_cross, kb_xom_exploding_sheep, serial_aquarium,
          aquarium_bridge_long_separate [aquarium_subvault_bridge,
          aquarium_subvault_bridge, aquarium_subvault_wall,
          aquarium_subvault_window, aquarium_subvault_wall,
          aquarium_subvault_bridge], aquarium_bridge_square
          [aquarium_subvault_bridge, aquarium_subvault_wall,
          aquarium_subvault_balcony, aquarium_subvault_window],
          aquarium_window_2, aquarium_window_1, aquarium_window_2,
          aquarium_view_2b
D:5:      layout_loops_cross, mainiacjoe_overflow_divided_tiny
D:6:      layout_rooms, lemuel_temple_firewalk_b, grunt_decor_fettered
D:7:      layout_loops_ring, lemuel_tele_altar, lightli_corner_chamber,
          uniq_menkaure
D:8:      nzn_winding_woodlands_medium [nzn_winding_woodlands_5x5_checkerboard,
          nzn_winding_woodlands_5x15_sawtooth, nzn_winding_woodlands_5x5_three,
          nzn_winding_woodlands_5x5_closed_star,
          nzn_winding_woodlands_center_pierced_h,
          nzn_winding_woodlands_hourglass, nzn_winding_woodlands_5x5_cross,
          nzn_winding_woodlands_5x15_longhouse,
          nzn_winding_woodlands_5x5_default], layout_loops_ring,
          nicolae_uskayaw_dance_studio, nicolae_qazlal_scattered_showers,
          david_lair_shrubbed, gammafunk_ghost_hive, serial_undead,
          serial_undead_c, serial_undead_d, serial_undead_b, serial_undead_b,
          serial_undead_f, serial_undead_d, serial_undead_e, minivault_14,
          kennysheep_pointless_box
D:9:      layout_irregular_city, hangedman_decor_clover_reticule
D:10:     kennysheep_kobold_lugonu_temple, layout_cave_pools, fedhas_altar_1,
          yredelemnul_altar_generic, serial_shops,
          nicolae_shop_bloodbath_and_beyond, enter_trove_3, uniq_nergalle,
          uniq_maggie
D:11:     layout_basic, gammafunk_ghost_arena
D:12:     layout_gridville, orc_david_3, nicolae_ru_the_path_less_chosen,
          uniq_urug
D:13:     layout_loops_corners, david_vaults_5, gauntlet_entry_generic,
          minmay_misc_feat_plants, amcnicky_mini_rare_corridor_liquid
D:14:     layout_basic, chequers_garden, serial_co_window_serial,
          co_window_paths_b, co_window_paths_a, co_window_paths_a,
          co_window_corner_a, co_window_corner_a, co_window_paths_b,
          co_window_corner_a, co_window_paths_c, co_window_corner_ca,
          co_window_of_opportunity_b, co_window_unsneaky_path_a,
          co_window_corner_ca, co_window_4corner_a, glass_columns_b,
          glass_columns_b, glass_columns_c, glass_columns_b, glass_columns_c,
          serial_shops, nicolae_shop_just_a_little_nook, uniq_roxanne,
          uniq_jorgrun, uniq_rupert
D:15:     hangedman_depths_entry_try_elsewhere_first, layout_cave_pods,
          minivault_14, bloody_makhleb
Lair:1:   layout_regular_city, minivault_27, disabler_island
Lair:2:   layout_long_grid, serial_bayou_shore_a
Lair:3:   layout_cave_shapes, skrybe_swamp_entry_bodies, dummy_snake_entry
Lair:4:   layout_cave_pods, infiniplex_staircase_pool, grunt_megastairs_2,
          lemuel_fruit_fields, lemuel_fruit_tree
Lair:5:   hangedman_lair_tendril_chambers, layout_cave_pods,
          nicolae_slime_entry_slimehenge, ebering_ghost_rock_garden, uniq_nessos
Swamp:1:  nicolae_swamp_flooded_prison, layout_basic_swamp,
          lemuel_altar_in_water
Swamp:2:  layout_basic_swamp, evilmike_swamp_ruin_rubble_1, uniq_donald
Swamp:3:  nicolae_swamp_phyte_club, layout_basic_swamp,
          evilmike_swamp_ruin_house_5, swamp_pool3, nicolae_swamp_fairy_circle
Swamp:4:  swamp_alternative, layout_basic_swamp
Slime:1:  layout_caves
Slime:2:  layout_caves
Slime:3:  layout_caves, nicolae_slime_phagocytosis
Slime:4:  layout_caves, amcnicky_altar_lugonu_corruption
Slime:5
Orc:1:    layout_caves, serial_shops, basic_altar
Orc:2:    st_orc_pillars, layout_diamond_mine, serial_shops,
          nicolae_shop_just_a_little_nook, portal_ice_cave_entry_imps
Elf:1:    cheibrodos_elf_bladeworks, layout_geoelf_octagon, serial_shops, shop,
          minmay_elf_sorcery, uniq_zenata
Elf:2:    elven_hall_of_blades_hangedman_original
          [nicolae_blade_entry_crossed_weapons], layout_geoelf_octagon,
          minivault_8
Elf:3:    minmay_elf_hall_not_hex, layout_loops_corners
Vaults:1: nicolae_vaults_trapezoid_4, v_misc_18,
          nicolae_vaults_network_quinsquares
          [nicolae_vaults_network_quincunx_subvault,
          nicolae_vaults_network_quincunx_subvault,
          nicolae_vaults_network_quincunx_subvault,
          nicolae_vaults_network_quincunx_subvault], vaults_dpeg_ring,
          nicolae_vaults_sesquioval_fish, nicolae_vaults_wine_cellar,
          nicolae_vaults_offset_grid_hallway_2,
          vaults_room_grunt_arrival_ludios, nicolae_vaults_mini_display_case,
          layout_vaults_omnigrid, serial_shops,
          nicolae_shop_temple_entry_statues_fountains
Vaults:2: nicolae_vaults_tangram_1, v_misc_11, nicolae_vaults_storage_closets_3,
          nicolae_vaults_little_squares_2, hangedman_vaults_stream,
          vaults_room_mumra_shop_pool, v_misc_10, nicolae_vaults_little_ls,
          nicolae_vaults_crenellated_ambush, hangedman_vaults_trim,
          dpeg_vaults_monster_row, ontoclasm_vaults_pinch, vaults_dpeg_hooks,
          ontoclasm_vaults_ligature, nicolae_vaults_little_squares_5,
          layout_vaults_ring
Vaults:3: advil_vaults_ghost_lines, minmay_crypt_entry_nasty_monster,
          vaults_mumra_chevron_long, hangedman_vaults_locks,
          nicolae_vaults_sesquioval_fish, vaults_room_door_ring, st_diamondy,
          nicolae_vaults_little_squares_4, hangedman_vaults_corner_blocks,
          hangedman_vaults_stretched_pinwheel, nicolae_vaults_layer_cake_slice,
          hangedman_vaults_maws, nicolae_vaults_trapezoid_1,
          nicolae_vaults_sealed_display, layout_vaults_omnicross, serial_shops,
          shop, uniq_sojobo
Vaults:4: nicolae_vaults_closet_pinwheel_6, nicolae_vaults_network_quincunx
          [nicolae_vaults_network_quincunx_subvault,
          nicolae_vaults_network_quincunx_subvault,
          nicolae_vaults_network_quincunx_subvault,
          nicolae_vaults_network_quincunx_subvault,
          nicolae_vaults_network_quincunx_subvault], ontoclasm_vaults_shuriken,
          nicolae_vaults_little_squares_4, nicolae_vaults_apartment_1,
          vaults_room_grid, nicolae_vaults_trapezoid_lopsided_2,
          nicolae_vaults_big_angled_halls, nicolae_vaults_turnstiles,
          nicolae_vaults_sesquioval_fish, nicolae_vaults_diamond_1, v_misc_22,
          nicolae_vaults_house_3, layout_vaults_omnibox
Vaults:5: serial_shops
Depths:1: layout_gridlike, abyss_entry_small_statue_room, minivault_11,
          grunt_hell_entry_dis_mu, nicolae_two_hexagons, grunt_tough_drop,
          uniq_asterion
Depths:2: minmay_connected_boxes_in_corner, layout_cave_pools, special_room
          [special_room_mythical_zoo], abyss_entry, pan_entry, hell_entry,
          minmay_acid_items, uniq_mara

Skill      XL: |  1  2  3  4  5  6  7  8  9 10 11 12 13 14 15 16 17 18 19 20 21 22 23 |
---------------+----------------------------------------------------------------------+-----
Axes           | 3 4 6 8 9 11 14 17 18 19 20 21 22 23 24 25 26 27 | 27.0
Fighting       | 5 9 11 12 13 14 15 16 17 18 19 | 19.4
Evocations     | 2 4 5 6 7 8 9 10 11 12 13 14 | 14.1
Throwing       | 2 3 5 6 7 8 9 10 11 12 13 | 13.0
Armour         | 5 7 9 11 12 13 14 15 17 18 19 20 21 | 21.3
Dodging        | 2 3 4 5 6 7 8 9 10 11 12 | 12.0
Shields        | 4 6 8 10 11 13 14 15 16 17 18 | 18.5

Action                     |  1- 3 |  4- 6 |  7- 9 | 10-12 | 13-15 | 16-18 | 19-21 | 22-24 || total
---------------------------+-------+-------+-------+-------+-------+-------+-------+-------++-------
  Melee: War axe           |    45 |    88 |   316 |   576 |       |       |       |       ||  1025
         Broad axe         |       |       |       |    55 |   933 |  1285 |  1365 |   998 ||  4636
  Throw: Dart              |       |       |       |    20 |    21 |     1 |     6 |       ||    48
 Invoke: Potion Petition   |       |       |       |       |       |       |       |     1 ||     1
  Evoke: Wand              |       |       |       |       |       |       |       |     2 ||     2
    Use: Potion            |       |     3 |       |       |       |       |     2 |       ||     5
         Scroll            |       |       |    11 |    10 |    17 |     9 |     6 |     6 ||    59
   Stab: Distracted        |       |       |     2 |     7 |     3 |    11 |    13 |    10 ||    46
         Petrified         |       |       |       |       |     1 |       |       |       ||     1
         Confused          |       |       |       |       |       |     9 |    15 |       ||    24
         Paralysed         |       |       |       |       |       |       |     4 |       ||     4
         Petrifying        |       |       |       |       |       |       |     3 |       ||     3
 Armour: Scale mail        |    27 |     2 |       |       |       |       |       |       ||    29
         Chain mail        |       |    57 |    91 |       |       |       |       |       ||   148
         Crystal plate arm |       |       |    69 |   472 |   677 |   666 |  1192 |   470 ||  3546
  Dodge: Dodged            |    29 |    33 |    58 |   108 |   220 |   373 |   559 |   211 ||  1591
  Block: Buckler           |     7 |    24 |    82 |   113 |       |       |       |       ||   226
         Kite shield       |       |       |       |    82 |   607 |   909 |  1432 |   749 ||  3779
         Reflection        |       |       |       |       |    19 |    77 |    60 |    21 ||   177
